Map: Golden Wall LE

Players

TSGSolar (Solar)

  • Race: Zerg Zerg
  • League: Master
  • Spawn Location: 5:00

INnoVation - Winner!

  • Race: Terran Terran
  • League: Grandmaster
  • Spawn Location: 7:00

Event: Shopify TSL 5

VOD

Have the link to the VOD?

Description

Time

  • Played on: May 23, 2020, 8:34 a.m.
  • Length: 13:33

All games in this series

Show
View Real Time Build Order
Export as new Build Order

TSGSolar Zerg 

Build Orders: Hatch First 

Get SALT Encoding   

  12  0:01  Drone  
  13  0:13  Overlord  
  13  0:17  Drone  
  14  0:31  Drone  
  14  0:32  Drone  
  16  0:49  Hatchery  
  15  0:52  Drone  
  16  0:57  Drone  
  16  0:59  Drone  
  18  1:10  Extractor  
  17  1:15  Spawning Pool  
  16  1:18  Drone  
  16  1:21  Drone  
  18  1:29  Drone  
  19  1:39  Drone  
  20  1:51  Overlord  
  20  2:01  Queen x2  
  20  2:02  Zergling x4  
  26  2:14  Drone x2  
  28  2:26  Hatchery  
  27  2:31  Drone  
  27  2:36  Metabolic Boost  
  28  2:38  Drone  
  28  2:41  Drone  
  30  2:48  Queen  
  32  2:53  Overlord  
  32  2:57  Drone  
  33  3:00  Drone  
  33  3:02  Drone  
  33  3:04  Drone  
  36  3:12  Drone x3  
  39  3:15  Drone x2  
  42  3:20  Drone  
  42  3:22  Overlord  
  42  3:28  Queen  
  44  3:36  Overlord  
  44  3:38  Queen  
  44  3:39  Drone  
  47  3:45  Drone x2  
  47  3:46  Zergling x2  
  50  3:48  Zergling x2  
  50  3:50  Drone  
  50  3:52  Overlord  
  51  3:56  Spore Crawler  
  51  3:59  Drone x3  
  51  4:01  Zergling x4  
  55  4:04  Drone  
  55  4:08  Queen  
  58  4:11  Drone  
  58  4:13  Drone x2  
  61  4:19  Drone x3  
  61  4:22  Overlord, Extractor  
  63  4:26  Spore Crawler  
  63  4:28  Drone  
  63  4:29  Drone  
  64  4:33  Overlord  
  64  4:34  Drone  
  60  4:39  Drone x2  
  60  4:40  Drone  
  60  4:42  Drone  
  60  4:44  Drone  
  56  4:45  Drone  
  56  4:46  Drone  
  56  4:47  Drone  
  56  4:52  Zergling x4  
  61  4:58  Zergling x10  
  66  5:05  Evolution Chamber  
  66  5:06  Evolution Chamber, Drone x2  
  66  5:08  Drone  
  67  5:15  Overlord  
  67  5:18  Drone x5  
  67  5:19  Drone  
  67  5:20  Drone  
  74  5:22  Drone  
  75  5:32  Drone  
  75  5:33  Drone x2  
  75  5:35  Zerg Melee Weapons Level 1, Zerg Ground Armor Level 1  
  75  5:37  Zergling x2  
  75  5:42  Zergling x2  
  74  5:46  Zergling x6  
  73  5:50  Zergling x2  
  73  5:53  Zergling x6  
  64  5:58  Zergling x4  
  64  6:00  Drone  
  64  6:03  Drone  
  67  6:04  Lair  
  67  6:07  Drone  
  68  6:11  Drone  
  68  6:13  Drone  
  68  6:14  Baneling Nest  
  68  6:15  Extractor  
  68  6:16  Drone  
  68  6:22  Drone  
  69  6:26  Drone  
  69  6:27  Drone  
  69  6:32  Drone x4  
  75  6:36  Drone x3  
  75  6:38  Drone  
  75  6:39  Drone  
  80  6:43  Drone x3  
  80  6:46  Drone  
  84  6:47  Extractor  
  84  6:48  Zergling x2  
  84  6:52  Zergling x2  
  84  6:57  Overlord x2  
  84  7:03  Centrifical Hooks  
  84  7:04  Zergling x6  
  84  7:05  Baneling x6  
  84  7:06  Overseer, Baneling  
  84  7:08  Hatchery  
  86  7:09  Zergling x6  
  86  7:11  Zergling x2  
  86  7:15  Overlord  
  90  7:16  Zergling x4  
  90  7:17  Zergling x4  
  90  7:18  Zergling x2  
  90  7:20  Baneling x2  
  96  7:22  Zergling x2  
  96  7:27  Overlord  
  96  7:28  Zergling x2  
  97  7:32  Zergling x2  
  97  7:33  Zergling x6  
  99  7:42  Drone x2  
  93  7:45  Zergling x10, Zerg Ground Armor Level 2  
  93  7:46  Zerg Melee Weapons Level 2  
  93  7:50  Baneling x2  
  93  7:51  Zergling x4  
  97  7:53  Drone  
  97  7:56  Drone  
  96  8:01  Zergling x8  
  98  8:10  Queen  
  94  8:16  Zergling x10  
  91  8:22  Zergling x12  
  91  8:26  Zergling x2  
  91  8:27  Zergling x2  
  88  8:30  Zergling x4  
  86  8:35  Zergling x6  
  86  8:39  Zergling x2  
  86  8:40  Zergling x4  
  86  8:41  Queen, Drone  
  88  8:42  Drone  
  88  8:44  Drone  
  88  8:45  Drone  
  93  8:51  Hatchery  
  93  8:52  Drone x2  
  93  8:54  Baneling x7  
  93  8:55  Baneling x4  
  94  8:56  Drone x2  
  95  9:04  Drone x2  
  95  9:07  Drone x2  
  95  9:08  Infestation Pit, Drone x2  
  100  9:14  Zergling x6  
  100  9:15  Overlord x2  
  100  9:16  Overlord  
  101  9:20  Zergling x2, Baneling x4  
  101  9:21  Zergling x2  
  103  9:26  Zergling x2  
  103  9:29  Zergling x6  
  103  9:30  Baneling x2  
  103  9:33  Zergling x6  
  103  9:36  Zergling x8  
  108  9:38  Zergling x2  
  108  9:42  Baneling x3  
  109  9:48  Hive  
  109  9:50  Zergling x24  
  121  9:55  Zergling x2  
  121  9:57  Overlord  
  121  9:59  Overlord  
  122  10:02  Drone  
  122  10:03  Zergling x8, Drone  
  122  10:04  Extractor  
  126  10:12  Zergling x2  
  126  10:13  Zergling x4  
  129  10:16  Hatchery  
  129  10:17  Zergling x4  
  127  10:24  Zergling x18  
  136  10:31  Baneling x8  
  136  10:33  Zergling x8  
  135  10:38  Zergling x2  
  135  10:39  Zergling x4  
  135  10:42  Queen x3  
  132  10:43  Zergling x2  
  132  10:48  Zergling x12  
  143  10:55  Zergling x4  
  135  11:00  Overlord  
  135  11:03  Ultralisk Cavern  
  134  11:06  Viper x2  
  134  11:07  Viper  
  134  11:11  Baneling x7  
  143  11:13  Overlord  
  143  11:19  Zergling x8  
  143  11:24  Zergling x8  
  150  11:26  Overlord  
  150  11:29  Zergling x2  
  150  11:30  Zergling x4  
  126  11:33  Zergling x4  
  126  11:34  Zergling x2  
  126  11:38  Zergling x2  
  126  11:39  Zergling x8  
  132  11:49  Overlord  
  132  11:52  Chitinous Plating  
  132  11:55  Zergling x10, Ultralisk  
  132  11:56  Zergling x2  
  144  12:03  Zergling x14  
  140  12:10  Baneling x12  
  140  12:15  Zergling x2  
  140  12:16  Zergling x12  
  140  12:22  Zergling x12  
  148  12:28  Zergling x12  
  148  12:39  Zergling x10  
  148  12:41  Baneling  
  148  12:42  Baneling x6  
  153  12:46  Zergling x8  
  153  12:49  Zergling x2  
  156  12:56  Hatchery  
  149  12:59  Spire  
  149  13:01  Zergling x2  
  149  13:02  Zergling x8, Extractor  
  152  13:06  Zergling x2, Baneling x5  
  152  13:07  Zergling x2  
  152  13:09  Overlord  
  144  13:14  Zergling x8  
Show
View Real Time Build Order
Export as new Build Order

INnoVation Terran - Winner!

Build Orders: Liberator Opening, Reaper Expand 

Get SALT Encoding   

  12  0:00  SCV  
  13  0:12  SCV  
  14  0:17  Supply Depot  
  14  0:24  SCV  
  15  0:38  SCV  
  15  0:40  Barracks  
  16  0:43  Refinery  
  16  0:50  SCV  
  17  1:03  SCV  
  18  1:15  SCV  
  19  1:26  Reaper  
  19  1:27  Orbital Command  
  20  1:41  Command Center  
  20  1:52  Supply Depot  
  20  1:53  SCV  
  21  1:58  Marine  
  22  2:05  SCV  
  23  2:09  Factory  
  23  2:17  SCV, Refinery  
  23  2:21  Barracks Reactor  
  24  2:29  SCV  
  25  2:41  SCV  
  26  2:53  SCV, Orbital Command  
  26  2:54  Starport  
  27  3:03  Hellion x2  
  31  3:05  SCV  
  31  3:07  Barracks Tech Lab  
  32  3:18  SCV  
  32  3:19  SCV  
  34  3:24  Hellion x2  
  34  3:25  Supply Depot  
  38  3:30  Liberator  
  41  3:34  SCV x2  
  43  3:47  Hellion x2  
  47  3:49  SCV, Supply Depot  
  47  3:50  SCV  
  47  3:53  Stimpack  
  49  3:58  Marine  
  49  4:02  SCV x2  
  52  4:08  Hellion  
  54  4:11  Hellion  
  54  4:12  Supply Depot  
  54  4:14  Liberator  
  54  4:16  SCV  
  60  4:26  SCV  
  60  4:29  SCV  
  62  4:40  SCV  
  62  4:41  SCV, Factory Tech Lab  
  62  4:45  Marine  
  62  4:48  Command Center  
  62  4:55  SCV x2  
  62  4:56  Supply Depot  
  62  4:57  Barracks  
  62  4:59  Barracks  
  64  5:01  Starport Reactor  
  64  5:03  Marine  
  64  5:04  Siege Tank  
  68  5:08  SCV x2  
  68  5:13  Engineering Bay x2  
  70  5:18  Refinery x2  
  70  5:21  SCV x2, Marine  
  73  5:32  Supply Depot  
  73  5:33  SCV x2  
  75  5:38  Combat Shield, Marine  
  75  5:40  Terran Infantry Weapons Level 1  
  69  5:44  Marine x2  
  69  5:46  SCV x2, Starport Reactor  
  69  5:47  Terran Infantry Armor Level 1  
  71  5:56  Marine  
  65  5:58  Marine x2  
  65  6:01  Siege Tank  
  65  6:02  Marine x2  
  65  6:03  Orbital Command  
  70  6:06  SCV  
  70  6:07  SCV  
  70  6:14  Marine  
  70  6:15  Marine  
  70  6:16  Marine  
  73  6:19  Marine  
  73  6:21  Barracks  
  73  6:22  SCV x2  
  73  6:23  Barracks  
  76  6:25  Medivac  
  76  6:26  Orbital Command  
  76  6:27  Medivac  
  80  6:35  Marine, Siege Tank  
  80  6:36  Marine  
  80  6:38  SCV, Supply Depot  
  86  6:40  SCV, Marine  
  86  6:46  Marine  
  89  6:49  Supply Depot  
  89  6:51  SCV  
  89  6:52  SCV x2  
  92  6:59  Marine x4  
  92  7:00  Medivac x2  
  100  7:03  SCV  
  100  7:04  SCV, Marine  
  100  7:06  SCV  
  104  7:10  Supply Depot  
  104  7:11  Barracks Reactor x2  
  104  7:12  Supply Depot  
  104  7:14  Armory  
  104  7:18  Siege Tank  
  104  7:22  Refinery  
  107  7:24  Marine x5  
  112  7:32  SCV x3  
  109  7:44  Marine  
  109  7:45  Marine x4  
  109  7:48  SCV x3  
  109  7:50  Siege Tank  
  116  7:52  Supply Depot  
  116  7:53  Supply Depot  
  114  8:00  Marine x4  
  114  8:02  Marine x2  
  114  8:03  Marine  
  119  8:07  Command Center  
  119  8:09  Medivac x2  
  110  8:16  Marine  
  110  8:17  Marine  
  110  8:18  Marine  
  112  8:25  Siege Tank  
  112  8:26  Marine x6  
  112  8:32  SCV x3  
  115  8:34  Terran Infantry Armor Level 2, Marine x2, Terran Infantry Weapons Level 2  
  115  8:36  Marine  
  114  8:41  Drilling Claws  
  114  8:44  Marine x3  
  114  8:45  Medivac  
  114  8:46  Factory  
  114  8:48  Marine x3  
  120  8:52  Marine x2  
  120  8:55  Supply Depot  
  124  8:56  Sensor Tower  
  124  8:58  Widow Mine  
  124  8:59  Marine  
  124  9:01  Supply Depot  
  124  9:02  Marine x2  
  127  9:03  Terran Vehicle And Ship Armor Level 1  
  127  9:07  Marine x2  
  127  9:09  Marine x2  
  131  9:14  Marine  
  131  9:15  Medivac x2  
  131  9:16  Marine  
  137  9:29  Marine x2  
  137  9:30  Marine x5  
  137  9:31  Factory Reactor  
  143  9:32  Widow Mine, Marine  
  143  9:34  Marine  
  147  9:38  Barracks  
  147  9:39  Barracks  
  147  9:40  SCV, Barracks  
  147  9:41  SCV x2  
  150  9:46  Medivac x2  
  154  9:53  Widow Mine  
  154  9:57  Marauder, Marine  
  154  9:58  Concussive Shells  
  154  9:59  Marine x5  
  164  10:07  Marine x2  
  166  10:14  Widow Mine  
  166  10:15  Widow Mine x2, Marine  
  166  10:16  Medivac x2  
  166  10:19  Marauder  
  166  10:20  Marine  
  180  10:29  Barracks Tech Lab x2  
  180  10:30  Planetary Fortress  
  180  10:32  Refinery x2  
  180  10:34  Marine x3  
  180  10:35  Marine  
  180  10:37  Marine  
  180  10:38  Marine x3  
  180  10:40  Marine  
  180  10:50  Supply Depot  
  180  10:51  Supply Depot  
  180  10:54  Marauder, Widow Mine  
  179  10:59  Marine  
  180  11:11  Marine x8  
  180  11:13  Marine x2, Widow Mine x2  
  180  11:16  Marauder  
  180  11:17  Command Center  
  196  11:20  Sensor Tower  
  195  11:31  Marauder x2, Marine x9  
  158  11:34  Medivac  
  158  11:35  Medivac  
  158  11:37  Marine, Widow Mine  
  161  11:41  Widow Mine x2  
  163  11:49  Marine  
  163  11:52  Marauder, Marine x8  
  175  11:59  Barracks Tech Lab  
  172  12:03  Widow Mine x3  
  172  12:06  Medivac x2  
  182  12:12  Marauder x2, Marine x5  
  182  12:14  Marauder  
  178  12:33  SCV x3  
  178  12:36  Medivac x2, Marauder x4  
  193  12:37  Marine x7  
  200  12:46  Ghost Academy  
  200  12:57  Marauder  
  200  12:58  Marauder x2  
  183  13:13  Command Center  
Tags
 
Add a new tag
Caveats
  • Supply blocks, unpowered buildings, or Contaminate may cause inaccurate times.
  • Supply counts are checked every 10 seconds.